 Dungeon Crawl Stone Soup version 0.18.1-6-gd335043 (webtiles) character file.

9 epen the Insei (level 2, 0/21 HPs)
             Began as a Demonspawn Transmuter on May 19, 2016.
             Hit by a stone thrown by a kobold (1 damage)
             ... on level 1 of the Dungeon.
             The game lasted 00:00:45 (168 turns).

epen the Insei (Demonspawn Transmuter)               Turns: 168, Time: 00:00:46

Health: 0/21       AC:  2    Str: 10    XL:     2   Next: 6%
Magic:  5/5        EV: 12    Int: 14    God:
Gold:   14         SH:  0    Dex: 13    Spells: 2 memorised, 2 levels left

rFire  . . .     SeeInvis .       - Unarmed
rCold  . . .     Gourm    .     b - +0 robe
rNeg   . . .     Faith    .     (no shield)
rPois  .         Spirit   .     (no helmet)
rElec  .         Dismiss  .     (no cloak)
rCorr  .         Reflect  .     (no gloves)
SustAt .         Harm     .     (no boots)
MR     .....                    (no amulet)
Stlth  +.........               (no ring)
                                (no ring)

@: not resistant to hostile enchantments, very unstealthy
A: claws 1
a: no special abilities


You were on level 1 of the Dungeon.
You were not hungry.

You visited 1 branch of the dungeon, and saw 1 of its levels.

You collected 14 gold pieces.

Inventory:

Missiles
 a - 12 arrows
Armour
 b - a +0 robe (worn)
Scrolls
 e - a scroll of fog {unknown}
 f - a scroll of remove curse {unknown}
 g - a scroll of teleportation {unknown}
 i - a scroll of random uselessness {unknown}
Potions
 h - 2 potions of might {unknown}
 j - a potion of haste {unknown}
Books
 c - a book of Changes

   Spells                             Type                      Level
   a - Beastly Appendage              Transmutation                1
   b - Sticks to Snakes               Transmutation                2
   c - Spider Form                    Transmutation/Poison         3
   d - Ice Form                       Ice/Transmutation            4
   e - Blade Hands                    Transmutation                5
Comestibles
 d - a bread ration


   Skills:
 + Level 1.1 Fighting
 + Level 2.0 Dodging
 * Level 2.9 Unarmed Combat
 + Level 2.1 Spellcasting
 * Level 1.9 Transmutations


You had 2 spell levels left.
You knew the following spells:

 Your Spells              Type           Power        Failure   Level  Hunger
a - Beastly Appendage     Trmt           #.....       14%         1    ##.....
b - Sticks to Snakes      Trmt           #.......     21%         2    ###....


Dungeon Overview and Level Annotations

Branches:
Dungeon (1/15)

Altars:


Innate Abilities, Weirdness & Mutations

You have sharp fingernails.


Message History

The kobold throws a stone.
The stone hits you.
You barely miss the kobold. The kobold hits you with a club.
You scratch the kobold.
The kobold is heavily wounded.
The kobold hits you with a club.
You closely miss the kobold.
The kobold is heavily wounded.
The kobold hits you with a club.
You closely miss the kobold.
The kobold is heavily wounded.
The kobold hits you with a club.
* * * LOW HITPOINT WARNING * * *
You are too injured to fight recklessly!
You are too injured to fight recklessly!
You completely miss the kobold.
The kobold is heavily wounded.
The kobold hits you with a club.
* * * LOW HITPOINT WARNING * * *
The kobold throws a stone.
The stone hits you.
You die...

#..... ..... #..).. ..........
#....)#......... .
#.....##.......#.# #.
#......##.....##.# #.#
#######................# ##.#
##.....#................####...
##.............@.......###......
#................K.....##.......
#..............?................
#......................#.#......
#......................#.#####.#
#.........................## #.#
#...........().............###.#
##..............#......##...##.#
##............####.....##......


You could see a kobold.

Vanquished Creatures
  2 bats (D:1)
  A giant cockroach (D:1)
  A goblin (D:1)
  A hobgoblin (D:1)
  2 kobolds (D:1)
  A rat (D:1)
8 creatures vanquished.

Notes
Turn   | Place    | Note
--------------------------------------------------------------
     0 | D:1      | epen the Demonspawn Transmuter began the quest for the Orb.
     0 | D:1      | Reached XP level 1. HP: 15/15 MP: 3/3
   123 | D:1      | Gained mutation: You have sharp fingernails. [demonic ancestry]
   123 | D:1      | Reached XP level 2. HP: 15/21 MP: 5/5
   127 | D:1      | Learned a level 2 spell: Sticks to Snakes
   167 | D:1      | HP: 1/21 [kobold/club (2)]
   168 | D:1      | Hit by a stone thrown by a kobold

Skill      XL: |  1 |
---------------+----+-----
Dodging        | 2 |  2.0
Fighting       | |  1.1
Unarmed Combat | |  2.9
Spellcasting   | |  2.1
Transmutations | |  1.9

Action                   || total
-------------------------++-------
Melee: Unarmed           ||    38
Armor: Robe              ||    10
Dodge: Dodged            ||    24
